 Dungeon Sprint DCSS version 0.29.1-14-g9c671dbff4 (webtiles) character file.

Game seed: 3767718276007493561

179 Groucho the Covert (level 5, 0/23 (24) HPs)
             Began as a Spriggan Enchanter on Feb 12, 2023.
             Slain by a necrophage (7 damage)
             ... in the Dungeon (Sprint II: "The Violet Keep of Menkaure").
             The game lasted 00:00:48 (30 turns).

Groucho the Covert (Spriggan Enchanter)               Turns: 30, Time: 00:00:49

HP:   0/23 (24)     AC:  2    Str:  6    XL:     5   Next: 33%
MP:   6/14          EV: 17    Int: 16    God:
Gold: 0             SH:  0    Dex: 16    Spells: 16/16 levels left

rFire   . . .      SeeInvis +   a - +1 dagger
rCold   . . .      Faith    .   (no shield)
rNeg    . . .      Spirit   .   b - +0 robe
rPois   .          Reflect  .   (helmet restricted)
rElec   .          Harm     .   (no cloak)
rCorr   .          Rampage  .   (gloves unavailable)
Will    .....      NoTele   +   (boots unavailable)
Stlth   +++++.....              (no amulet)
HPRegen 0.07/turn               (no ring)
MPRegen 0.14/turn               (no ring)

@: hasted, lightly drained, invisible, very quick
A: very small, no large weapons, unfitting armour, see invisible, speed 3
a: no special abilities


You were in the Dungeon.
You visited 1 branch

Inventory:

Hand Weapons
 a - a +1 dagger (weapon)
Armour
 b - a +0 robe (worn)
Scrolls
 i - a scroll of blinking
Potions
 c - a potion of invisibility
 d - a potion of curing
 e - a potion of heal wounds
 g - 2 potions of magic
 h - a potion of berserk rage


   Skills:
 + Level 5.3 Short Blades
 - Level 2.6 Dodging
 * Level 11.6 Stealth
 + Level 6.4 Spellcasting
 + Level 6.9 Hexes


You had 16 spell levels left.
You didn't know any spells.
Your spell library contained the following spells:

 Spells                   Type           Power      Damage    Failure   Level
 Confusing Touch          Hex            27%        N/A       2%          3
 Tukima's Dance           Hex            27%        N/A       2%          3
 Ensorcelled Hibernation  Hex/Ice        32%        N/A       4%          2
 Dazzling Flash           Conj/Hex       32%        N/A       10%         3


Dungeon Overview and Level Annotations

Branches:
Dungeon (1/1)

Altars:


Innate Abilities, Weirdness & Mutations

You are very small and have problems with some larger weapons.
You are too small for most types of armour.
You have supernaturally acute eyesight. (SInv)
You cover ground extremely quickly. (Speed+++)


Message History

Unknown command.
You are too injured to fight recklessly!
Unknown command.
You are too injured to fight recklessly!
Unknown command.
You are too injured to fight recklessly!
You are too injured to fight recklessly!
Unknown command.
You are too injured to fight recklessly!
Unknown command.
You are too injured to fight recklessly!
Unknown command.
You hit the necrophage.
The necrophage is severely damaged.
You hit the necrophage.
The necrophage is severely damaged.
The necrophage barely misses you.
You hit the necrophage.
The necrophage is lightly damaged.
You catch the helpless necrophage completely off-guard!
You impale the necrophage!!
You destroy the necrophage!
Your life force feels restored.
Your Short Blades skill increases to level 5!
Your Stealth skill increases to level 11!
Your Spellcasting skill increases to level 6!
You have reached level 5!
You feel agile.
Unknown command.
You hit the necrophage.
The necrophage is almost destroyed.
The necrophage hits you.
* * * LOW HITPOINT WARNING * * *
You feel drained.
You barely miss the necrophage.
The necrophage is almost destroyed.
You hit the necrophage but do no damage.
The necrophage is almost destroyed.
The necrophage hits you!
You die...

##+##
##.#.##
#n.#..#
#@$.#
##'##
##.##
+.<.+
##.##
#+#


You could see a necrophage (unable to see you).

Vanquished Creatures
  3 necrophages (D)
3 creatures vanquished.

Notes
Turn   | Place    | Note
-------+----------+-------------------------------------------
     0 | D        | Groucho the Spriggan Enchanter began the quest for the Orb.
     0 | D        | Reached XP level 1. HP: 9/9 MP: 5/5
     1 | D        | Noticed a necrophage
     1 | D        | Noticed a necrophage
     1 | D        | Noticed a necrophage
     1 | D        | Noticed a necrophage
    16 | D        | Killed a necrophage
    17 | D        | Reached skill level 8 in Stealth
    17 | D        | Reached skill level 5 in Hexes
    17 | D        | Reached XP level 2. HP: 10/13 MP: 5/8
    17 | D        | Reached XP level 3. HP: 12/16 MP: 6/10
    20 | D        | Killed a necrophage
    21 | D        | Reached skill level 10 in Stealth
    21 | D        | Reached skill level 5 in Spellcasting
    21 | D        | Reached XP level 4. HP: 13/21 MP: 6/12
    26 | D        | Killed a necrophage
    27 | D        | Reached skill level 5 in Short Blades
    27 | D        | Reached skill level 11 in Stealth
    27 | D        | Reached XP level 5. HP: 11/24 MP: 6/14
    30 | D        | Slain by a necrophage

Illustrated notes

Levels and vault maps discovered:
D:        the_violet_keep_of_menkaure [sprint2_stairs_cluster_1,
          sprint2_shoproom, sprint2_temple, sprint2_basic_supplies,
          sprint2_obstacle_4, sprint2_obstacle_7, sprint2_obstacle_3,
          sprint2_obstacle_1, sprint2_obstacle_5, sprint2_timed_cluster_1,
          sprint2_smallroom_cluster_1, sprint2_smallroom_final_cluster_1,
          sprint2_transparent_cluster_1, sprint2_second_timed_cluster_1,
          sprint2_sniper_area_1, sprint2_heavy_combat_area_1,
          sprint2_mutation_trap_area_1, sprint2_forest_area_1,
          sprint2_light_combat_area_1, sprint2_behind_water_1,
          sprint2_near_end_vault_1]

Skill      XL: |  1  2  3  4 |
---------------+-------------+-----
Short Blades   | 3 4 5 |  5.3
Stealth        | 8 10 11 | 11.6
Spellcasting   | 4 5 6 |  6.4
Hexes          | 5 6 |  6.9
Dodging        | |  2.6

Action                   |  1- 3 |  4- 6 || total
-------------------------+-------+-------++-------
Melee: Dagger            |    15 |     9 ||    24
  Use: Potion            |     2 |       ||     2
 Stab: Invisible         |     2 |     1 ||     3
       Sleeping          |     2 |       ||     2
Armor: Robe              |     3 |       ||     3
Dodge: Dodged            |     7 |     2 ||     9
